 Dungeon Crawl Stone Soup version 0.20-a0-1017-gc3250ce (webtiles) character file.

7028 inmateoo the Grappler (level 10, 0/84 HPs)
             Began as a Green Draconian Transmuter on Apr 16, 2017.
             Was a Believer of Cheibriados.
             Slain by a manticore (2 damage)
             ... on level 11 of the Dungeon.
             The game lasted 00:22:03 (11845 turns).

inmateoo the Grappler (Green Draconian Transmuter) Turns: 11845, Time: 00:22:03

Health: 0/84       AC:  7    Str: 19    XL:     10   Next: 82%
Magic:  21/27      EV: 22    Int: 19    God:    Cheibriados [**....]
Gold:   438        SH:  0    Dex: 23    Spells: 5/20 levels left

rFire    . . .     SeeInvis .     - Unarmed
rCold    . . .     Gourm    .   (shield currently unavailable)
rNeg     . . .     Faith    .   (armour unavailable)
rPois    +         Spirit   .   (helmet restricted)
rElec    .         Reflect  .   (no cloak)
rCorr    .         Harm     .   (gloves currently unavailable)
MR       .....                  (no boots)
Stlth    +++.......             (no amulet)
Regen    0.3/turn               p - ring of wizardry
MPRegen  0.2/turn               t - ring of magical power

@: agile, about to teleport, blade hands (expiring), very slow
A: breathe noxious fumes, unfitting armour, poison resistance, cold-blooded, AC
+7
a: Breathe Noxious Fumes, End Transformation, Bend Time, Renounce Religion


You were on level 11 of the Dungeon.
You worshipped Cheibriados.
Cheibriados was pleased with you.
You were hungry.
You had blades for hands.
You visited 2 branches of the dungeon, and saw 12 of its levels.

You collected 438 gold pieces.

Inventory:

Missiles
 a - 139 arrows
Armour
 h - a +0 pair of gloves (melded)
Jewellery
 p - a ring of wizardry (left scythe-like blade)
 t - a ring of magical power (right scythe-like blade)
Wands
 u - a wand of iceblast (8/15)
 x - a wand of flame (8/48)
 y - a wand of iceblast (5/15)
 A - a wand of iceblast (9/15)
Scrolls
 d - a scroll of identify
 i - 2 scrolls of immolation
 n - 3 scrolls of remove curse
 s - a scroll of recharging
Potions
 e - a potion of magic
 g - 2 potions of resistance
 l - a potion of lignification
 m - a potion of flight
 r - 2 potions of curing
 w - a potion of brilliance
Books
 b - a book of Changes

   Spells                             Type                      Level
   a - Beastly Appendage              Transmutation                1
   b - Sticks to Snakes               Transmutation                2
   c - Spider Form                    Transmutation/Poison         3
   d - Ice Form                       Ice/Transmutation            4
   e - Blade Hands                    Transmutation                5
 o - a book of Callings

   Spells                             Type                      Level
   a - Summon Small Mammal            Summoning                    1
   b - Call Imp                       Summoning                    2
   c - Call Canine Familiar           Summoning                    3
   d - Summon Guardian Golem          Hexes/Summoning              3
   e - Summon Lightning Spire         Summoning/Air                4
   f - Summon Ice Beast               Ice/Summoning                4
Comestibles
 c - 12 bread rations
 k - 5 meat rations


   Skills:
 + Level 6.7 Fighting
 + Level 5.5 Dodging
 * Level 9.2 Unarmed Combat
 + Level 5.9 Spellcasting
 * Level 8.4 Transmutations
 + Level 4.0 Air Magic
 - Level 3.0 Poison Magic
 + Level 2.3 Invocations


You had 5 spell levels left.
You knew the following spells:

 Your Spells              Type           Power        Failure   Level  Hunger
a - Beastly Appendage     Tmut           #####.       4%          1    None
b - Sticks to Snakes      Tmut           #####...     6%          2    None
c - Spider Form           Tmut/Pois      ####......   12%         3    ##.....
d - Summon Lightning Spi  Summ/Air       ##......     65%         4    ####...
e - Blade Hands           Tmut           #####.....   22%         5    #####..


Dungeon Overview and Level Annotations

Branches:
Dungeon (11/15)            Temple (1/1) D:6
   Lair: D:8-11         Orc: D:9-12

Altars:
Ashenzari
Cheibriados
Dithmenos
Elyvilon
Fedhas
Gozag
Hepliaklqana
Kikubaaqudgha
Makhleb
Nemelex Xobeh
Okawaru
Qazlal
Ru
Sif Muna
Trog
Uskayaw
Vehumet
Wu Jian
Xom
Yredelemnul
Zin
The Shining One

Annotations:
D:4 zkyp's ghost, amateur GnFi
D:8 1 exclusion


Innate Abilities, Weirdness & Mutations

You can breathe blasts of noxious fumes.
Your lurid green scales are hard. (AC +7)
You cannot fit into any form of body armour.
Your system is resistant to poisons. (rPois)
You are cold-blooded and may be slowed by cold attacks.


Message History

* * * LOW HITPOINT WARNING * * *
The manticore misses you.
Your ball python bites the wolf.
Your ball python barely misses the wolf.
Your ball python bites the centaur warrior skeleton.
The hound bites your ball python. The centaur warrior skeleton hits you.
* * * LOW HITPOINT WARNING * * *
The wolf barely misses you.
Unknown command.
Unknown command.
You feel better. The wolf bites you.
* * * LOW HITPOINT WARNING * * *
The wolf bites you but does no damage.
The hound barely misses your ball python.
Your ball python closely misses the wolf. x2
Your ball python bites the centaur warrior skeleton.
The centaur warrior skeleton closely misses you.
The wolf completely misses you. The manticore bites you!
* * * LOW HITPOINT WARNING * * *
The manticore claws you.
You die...

#######........###..
)..................H
.................#
..####'#####.....# .≈≈
'##........#..<..' .≈≈
.8##.......#.....# .≈h≈
...##......#.....# ..≈≈≈
...8##.....#...SZ###...≈≈
.....#######....@hhT..≈≈.
.....8#........ShH....≈≈≈
......'.........ho...≈≈≈≈
.....8#................≈≈
.....###############...≈≈
...8## .≈≈≈. ...## ≈..≈
.8## ... +## .


You could see a manticore, a troll, 2 wolves, 2 hounds, an orc, a centaur
warrior skeleton and 2 friendly ball pythons.

Vanquished Creatures
  2 two-headed ogres
  The ghost of pedritolo the Fighter, a novice VSMo (D:8)
  Pikel (D:7)
  Joseph (D:9)
  A merfolk (D:9)
  A troll (D:9)
  Grinder (D:3)
  A hippogriff (D:2)
  A wyvern (D:9)
  A sky beast (D:9)
  A slave (D:7)
  6 ogres
  An ice beast (D:6)
  A necrophage (D:9)
  3 wolves
  3 big kobolds
  6 bullfrogs
  A scorpion (D:6)
  A water moccasin skeleton (D:4)
  21 killer bees
  2 crimson imps (D:7)
  2 howler monkeys (D:6)
  A bullfrog zombie (D:5)
  2 centaur skeletons
  9 hounds
  2 jellies
  An orc priest (D:6)
  2 bullfrog skeletons
  3 iguanas
  Ijyb (D:3)
  Natasha (twice) (D:3)
  6 worker ants
  A bullfrog simulacrum (D:10)
  A hound zombie (D:7)
  A howler monkey skeleton (D:9)
  4 gnolls (D:6)
  13 adders
  A shadow imp (D:7)
  An ooze (D:2)
  2 worms (D:2)
  2 dart slugs
  8 leopard geckos
  12 orcs
  6 bats
  A giant cockroach (D:1)
  14 goblins
  11 hobgoblins
  8 jackals
  22 kobolds
  2 quokkas (D:3)
  A ball python (D:1)
  4 frilled lizards
  A jackal zombie (D:8)
  2 quokka skeletons (D:4)
  6 rats
212 creatures vanquished.

Vanquished Creatures (collateral kills)
  A water elemental (D:11)
  A killer bee (D:8)
  An orc wizard (D:3)
  4 worker ants
  A worm (D:1)
  2 orcs
  A quokka (D:4)
  A rat (D:1)
12 creatures vanquished.

Vanquished Creatures (others)
  A slave (D:9)
  A killer bee (D:8)
  A centaur skeleton (D:9)
  An adder zombie (D:7)
4 creatures vanquished.

Grand Total: 228 creatures vanquished

Notes
Turn   | Place    | Note
-------+----------+-------------------------------------------
     0 | D:1      | inmateoo the Draconian Transmuter began the quest for the Orb.
     0 | D:1      | Reached XP level 1. HP: 16/16 MP: 3/3
   115 | D:1      | Reached XP level 2. HP: 13/23 MP: 5/5
   128 | D:1      | Learned a level 2 spell: Sticks to Snakes
   442 | D:1      | Reached XP level 3. HP: 26/29 MP: 6/6
   447 | D:1      | Learned a level 3 spell: Spider Form
  1360 | D:2      | Found a blossoming altar of Fedhas.
  1384 | D:2      | Reached XP level 4. HP: 25/36 MP: 5/7
  1448 | D:2      | Found a faded altar of an unknown god.
  1495 | D:2      | Noticed a hippogriff
  1577 | D:3      | Noticed Natasha
  1584 | D:3      | Killed Natasha
  1584 | D:3      | Reached skill level 1 in Poison Magic
  1730 | D:3      | Noticed Grinder
  1750 | D:3      | Reached skill level 4 in Unarmed Combat
  1782 | D:4      | Reached XP level 5. HP: 11/41 MP: 0/8
  2334 | D:4      | Found a bloodstained altar of Trog.
  2649 | D:4      | Noticed zkyp's ghost (amateur GnFi)
  2676 | D:5      | Entered Level 5 of the Dungeon
  2886 | D:5      | Reached XP level 6. HP: 29/50 MP: 7/10
  3397 | D:5      | Reached skill level 5 in Unarmed Combat
  3414 | D:5      | Your scales start taking on a lurid green colour.
  3414 | D:5      | Reached XP level 7. HP: 37/57 MP: 9/11
  3414 | D:5      | Gained mutation: Your system is resistant to poisons. (rPois) [Green Draconian growth]
  3808 | D:4      | HP: 1/57 [zkyp's ghost (13)]
  4561 | D:5      | Found a bloodstained altar of Trog.
  5019 | D:3      | Paralysed by Grinder for 3 turns
  5024 | D:3      | Paralysed by Grinder for 5 turns
  5033 | D:3      | Killed Grinder
  5033 | D:3      | Reached skill level 6 in Unarmed Combat
  5033 | D:3      | Reached XP level 8. HP: 25/66 MP: 8/13
  5327 | D:3      | Noticed Natasha
  5342 | D:3      | Killed Natasha
  5432 | D:3      | Noticed Ijyb
  5464 | D:3      | Killed Ijyb
  6096 | D:2      | Killed a hippogriff
  6700 | D:6      | Learned a level 4 spell: Summon Lightning Spire
  6706 | D:6      | Learned a level 5 spell: Blade Hands
  6840 | D:6      | Reached skill level 5 in Transmutations
  7168 | D:6      | Found a staircase to the Ecumenical Temple.
  7254 | Temple   | Entered the Ecumenical Temple
  7442 | D:6      | Reached skill level 7 in Unarmed Combat
  7901 | D:7      | Reached skill level 5 in Fighting
  8019 | D:7      | Found a shattered altar of Ashenzari.
  8020 | D:7      | Noticed Pikel
  8036 | D:7      | Killed Pikel
  8036 | D:7      | Reached skill level 1 in Air Magic
  8036 | D:7      | Reached XP level 9. HP: 48/74 MP: 11/15
  8744 | D:8      | Found a hide-covered altar of Uskayaw.
  8745 | D:8      | Found a radiant altar of Vehumet.
  8748 | D:8      | Found a sparkling altar of Nemelex Xobeh.
  8748 | D:8      | Found a deep blue altar of Sif Muna.
  8750 | D:8      | Found a snail-covered altar of Cheibriados.
  8751 | D:8      | Found a glowing silver altar of Zin.
  8759 | D:8      | Became a worshipper of Cheibriados the Contemplative
  8919 | D:8      | Noticed pedritolo's ghost (novice VSMo)
  8930 | D:8      | Killed pedritolo's ghost
  8934 | D:8      | Reached skill level 5 in Spellcasting
  8965 | D:8      | Found an iron altar of Okawaru.
  9117 | D:8      | Reached skill level 8 in Unarmed Combat
  9348 | D:8      | Reached * piety under Cheibriados
  9760 | D:8      | Noticed a five-headed hydra
  9889 | D:9      | Reached skill level 5 in Dodging
  9890 | D:9      | Noticed Joseph
  9907 | D:9      | Killed Joseph
  9907 | D:9      | Reached XP level 10. HP: 32/83 MP: 17/17
 10717 | D:9      | Reached ** piety under Cheibriados
 10717 | D:9      | Reached skill level 1 in Invocations
 10855 | D:9      | Noticed a two-headed ogre
 10891 | D:9      | Killed a two-headed ogre
 11257 | D:10     | Entered Level 10 of the Dungeon
 11654 | D:10     | Noticed a two-headed ogre
 11674 | D:10     | Killed a two-headed ogre
 11674 | D:10     | Reached skill level 9 in Unarmed Combat
 11787 | D:11     | Noticed a manticore
 11845 | D:11     | HP: 2/84 [manticore (14)]
 11845 | D:11     | Slain by a manticore

Vault maps used:
D:1:      sevenhm_arrival_forest_fort_small_3
D:2:      lemuel_crystal_altar, chequers_ecumenical_altar_island,
          hangedman_decor_lopped
D:3:      cheibrodos_helix_gallery, uniq_iyjb, uniq_natasha, uniq_grinder
D:4:      bloody_trog, first_bread, minivault_1
D:5:      minivault_24, trog_butcher_becter
D:6:      corexii_shack_village, minmay_temple_entry_fiery, serial_bayou_pond_e,
          kennysheep_minor_cross
D:7:      old_standard_altar, uniq_pikel
D:8:      okawaru_humans, grunt_temple_overflow_open
D:9:      hangedman_fish_farm, minmay_misc_feat_cross, uniq_joseph
D:10:     serial_ice, serial_ice_k, serial_ice_b, serial_ice_e, serial_ice_d,
          uniq_fannar, uniq_josephine, uniq_grum
D:11:     erik_lair_island, orc_0_dummy, nicolae_wwwww, dk_noncrumbling_4
Temple:   nicolae_temple_x_marks_the_god

Skill      XL: |  1  2  3  4  5  6  7  8  9 10 |
---------------+-------------------------------+-----
Dodging        | 2 3 4 5 |  5.5
Fighting       | 2 3 5 6 |  6.7
Poison Magic   | 1 2 3 |  3.0
Unarmed Combat | 4 5 6 7 8 9 |  9.2
Transmutations | 3 4 6 7 8 |  8.4
Spellcasting   | 3 4 5 |  5.9
Air Magic      | 1 2 4 |  4.0
Invocations    | 2 |  2.3

Action                   |  1- 3 |  4- 6 |  7- 9 | 10-12 || total
-------------------------+-------+-------+-------+-------++-------
Melee: Unarmed           |   140 |   165 |   533 |   149 ||   987
       Tailslap          |    14 |    22 |    55 |    18 ||   109
       Kick              |     5 |     9 |    24 |     1 ||    39
       Punch             |     3 |     5 |    16 |     4 ||    28
       Headbutt          |     3 |     7 |    22 |       ||    32
 Cast: Beastly Appendage |     8 |    14 |    19 |     2 ||    43
       Sticks to Snakes  |     2 |    15 |    13 |     6 ||    36
       Spider Form       |       |       |     3 |     1 ||     4
       Summon Lightning  |       |       |       |     2 ||     2
       Blade Hands       |       |       |       |     1 ||     1
 Abil: Breathe Noxious F |       |       |    14 |     5 ||    19
Evoke: Wand              |       |       |       |     2 ||     2
  Use: Scroll            |     5 |     5 |    11 |     4 ||    25
       Potion            |       |     1 |     1 |     5 ||     7
 Stab: Distracted        |       |     2 |       |       ||     2
       Sleeping          |       |     1 |       |       ||     1
       Confused          |       |       |     6 |     3 ||     9
  Eat: Chunk             |     2 |     4 |    18 |     3 ||    27
       Fruit             |       |     2 |     6 |       ||     8
       Royal jelly       |       |     1 |     1 |       ||     2
Armor: Skin              |    33 |    56 |   145 |    33 ||   267
Dodge: Dodged            |    85 |   104 |   317 |   133 ||   639
